 Seeded DCSS version 0.25.1-8-g42b30a86e7 (webtiles) character file.

Game seed: 20201211 (custom seed)

2892 radhat240 the Cleaver (level 9, -11/78 HPs)
             Began as a Minotaur Fighter on Dec 11, 2020.
             Was a Follower of Qazlal.
             Killed by divine providence
             ... invoked by an orc priest
              (17 damage)
             ... on level 7 of the Dungeon.
             The game lasted 00:24:04 (5426 turns).

radhat240 the Cleaver (Minotaur Fighter)            Turns: 5426, Time: 00:24:05

Health: -11/78     AC: 16    Str: 29      XL:     9   Next: 48%
Magic:  8/8        EV:  7    Int:  5      God:    Qazlal [*.....]
Gold:   21         SH: 14    Dex:  8 (9)  Spells: 8/8 levels left

rFire    x . .     SeeInvis .   a - +2 war axe
rCold    + . .     Gourm    .   c - +1 kite shield
rNeg     . . .     Faith    .   x - +0 plate armour
rPois    .         Spirit   .   (helmet restricted)
rElec    .         Reflect  .   (no cloak)
rCorr    .         Harm     .   (no gloves)
MR       .....     Clarity  +   i - +0 pair of boots
Stlth    ..........             (no amulet)
HPRegen  0.23/turn              u - ring of ice
MPRegen  0.11/turn              p - +6 ring of strength

@: about to teleport, lightly drained
A: retaliatory headbutt, horns 2, icy blue scales 1, clarity, weak 1, wild magic
1
a: Renounce Religion


You were on level 7 of the Dungeon.
You worshipped Qazlal.
Qazlal was aware of your devotion.
You were not hungry.

You visited 1 branch of the dungeon, and saw 7 of its levels.

You collected 296 gold pieces.
You spent 275 gold pieces at shops.

Inventory:

Hand Weapons
 a - a +2 war axe (weapon)
Armour
 b - a +0 scale mail
 c - a +1 kite shield (worn)
 i - a +0 pair of boots (worn)
 x - a +0 plate armour (worn)
Jewellery
 j - an uncursed ring of magical power
 p - a +6 ring of strength (right hand)
 u - a ring of ice (left hand)
Wands
 k - a wand of digging (3)
 s - a wand of flame (39)
Scrolls
 g - 9 scrolls of teleportation
 n - 2 scrolls of fog
 o - 3 scrolls of identify
 r - a scroll of fear
 t - a scroll of amnesia
 y - a scroll of torment {unknown}
 z - a scroll of remove curse
Potions
 d - a potion of might
 e - 2 potions of resistance
 h - 3 potions of lignification
 l - a potion of magic
 m - 2 potions of brilliance
 q - a potion of haste
 v - a potion of mutation
Comestibles
 f - 13 rations
 A - 2 chunks of flesh


   Skills:
 + Level 6.7(6.2) Fighting
 + Level 11.3(10.8) Axes
 + Level 6.7(6.2) Armour
 + Level 3.2(2.7) Dodging
 + Level 0.9(0.5) Stealth
 + Level 7.3(6.8) Shields


You had 8 spell levels left.
You didn't know any spells.
Your spell library was empty.

Dungeon Overview and Level Annotations

Branches:
Dungeon (7/15)             Temple (0/1) D:6

Altars:
Dithmenos
Hepliaklqana
Kikubaaqudgha
Nemelex Xobeh
Qazlal
Zin

Shops:
D:6 :%[?(

Annotations:
D:5 1 runed translucent door
D:7 Harold


Innate Abilities, Weirdness & Mutations

You reflexively headbutt those who attack you in melee.
You have a pair of horns on your head.
You are partially covered in icy blue scales. (AC +2)
You possess an exceptional clarity of mind.
You are weak. (Str -2)
Your spells are a little harder to cast, but a little more powerful.


Message History

Harold hits you with a +0 scimitar!
* * * LOW HITPOINT WARNING * * *
Really quaff the potion of lignification?
Okay, then.
As you read the scroll of teleportation, it crumbles to dust.
You feel strangely unstable.
The orc priest hits you but does no damage.
You feel drained. The worker ant bites you.
* * * LOW HITPOINT WARNING * * *
You block the orc warrior's attack.
You closely miss Harold. You headbutt Harold.
Harold is moderately wounded.
You slash the sky beast!
You hit the worker ant but do no damage.
You slash the orc priest! Harold hits you with a +0 scimitar!
* * * LOW HITPOINT WARNING * * *
The worker ant bites you but does no damage.
The orc priest invokes the aid of Beogh against you.
Beogh smites you!
You die...

_.._# .... .... #..#
#..# #.o# #@o#
#############@☼##
####<..........Ya..#
...#.######.÷......#
)....######.#####.S#
...#........# ...#
####........# .....
#...#####.# ...#.#
###.# #.# .....# ###
#.. ...


You could see Harold, an orc warrior, a sky beast, a worker ant, an orc priest
and an adder.

Vanquished Creatures
  Pikel (D:5)
  A hippogriff (D:4)
  Eustachio (D:5)
  Menkaure (D:6)
  Edmund (D:6)
  2 water moccasins (D:6)
  Duvessa (D:5)
  An ice beast (D:6)
  A sky beast (D:6)
  A slave (D:5)
  2 ogres
  2 centaurs
  Blork the orc (D:6)
  Dowan (D:5)
  A scorpion (D:5)
  A killer bee (D:5)
  2 crimson imps (D:6)
  2 bullfrog zombies
  A hound (D:5)
  A jelly (D:2)
  3 orc priests
  A bullfrog skeleton (D:5)
  A centaur skeleton (D:6)
  Ijyb (D:5)
  An iguana (D:4)
  An orc wizard (D:6)
  7 worker ants
  A hound zombie (D:5)
  A howler monkey zombie (D:5)
  A worker ant zombie (D:7)
  Robin (D:4)
  3 gnolls (D:4)
  11 adders
  An adder skeleton (D:6)
  3 dart slugs
  4 leopard geckos
  16 orcs
  A ball python (D:6)
  11 giant cockroaches
  15 goblins
  12 hobgoblins
  4 jackals (D:3)
  10 bats
  4 frilled lizards
  9 kobolds
  A leopard gecko skeleton (D:5)
  A quokka skeleton (D:4)
  A quokka zombie (D:6)
  3 rats
  A butterfly (D:5)
155 creatures vanquished.

Vanquished Creatures (others)
  An ooze (D:5)
1 creature vanquished.

Grand Total: 156 creatures vanquished

Notes
Turn   | Place    | Note
-------+----------+-------------------------------------------
     0 | D:1      | radhat240 the Minotaur Fighter began the quest for the Orb.
     0 | D:1      | Reached XP level 1. HP: 19/19 MP: 0/0
    82 | D:1      | Gained mutation: You are weak. (Str -2) [potion of
                  | mutation]
    82 | D:1      | Gained mutation: Your spells are a little harder to cast,
                  | but a little more powerful. [potion of mutation]
    82 | D:1      | Gained mutation: You possess an exceptional clarity of
                  | mind. [potion of mutation]
    82 | D:1      | Gained mutation: You are partially covered in icy blue
                  | scales. (AC +2) [potion of mutation]
    91 | D:1      | Reached XP level 2. HP: 26/27 MP: 1/1
   342 | D:1      | Reached skill level 3 in Axes
   432 | D:1      | Reached XP level 3. HP: 33/33 MP: 2/2
   647 | D:2      | Reached skill level 1 in Dodging
   886 | D:2      | Reached XP level 4. HP: 40/40 MP: 3/3
   896 | D:2      | Found a faded altar of an unknown god.
  1244 | D:3      | Reached skill level 4 in Axes
  1682 | D:3      | Reached XP level 5. HP: 46/47 MP: 4/4
  2178 | D:4      | Noticed an ogre
  2185 | D:4      | Killed an ogre
  2185 | D:4      | Reached skill level 5 in Axes
  2350 | D:4      | Reached XP level 6. HP: 53/53 MP: 5/5
  2355 | D:4      | Noticed Robin
  2384 | D:4      | Killed Robin
  2462 | D:4      | Found a stormy altar of Qazlal.
  2463 | D:4      | Noticed a fire elemental
  2463 | D:4      | Noticed an air elemental
  2463 | D:4      | Noticed a water elemental
  2468 | D:4      | Became a worshipper of Qazlal Stormbringer
  2490 | D:4      | Noticed a hippogriff
  2498 | D:4      | Killed a hippogriff
  2498 | D:4      | Reached skill level 5 in Fighting
  2498 | D:4      | Reached skill level 6 in Axes
  2717 | D:4      | Reached XP level 7. HP: 61/61 MP: 6/6
  3071 | D:5      | Entered Level 5 of the Dungeon
  3080 | D:5      | Noticed Eustachio
  3099 | D:5      | Killed Eustachio
  3099 | D:5      | Reached skill level 7 in Axes
  3099 | D:5      | Reached skill level 5 in Armour
  3113 | D:5      | Found a glowing silver altar of Zin.
  3124 | D:5      | Found a sparkling altar of Nemelex Xobeh.
  3291 | D:5      | Noticed Ijyb
  3299 | D:5      | Killed Ijyb
  3299 | D:5      | Reached skill level 5 in Shields
  3347 | D:5      | Noticed Pikel
  3362 | D:5      | Killed Pikel
  3362 | D:5      | Reached skill level 8 in Axes
  3362 | D:5      | Reached XP level 8. HP: 46/70 MP: 7/7
  3518 | D:5      | Noticed Duvessa
  3520 | D:5      | Noticed Dowan
  3527 | D:5      | Killed Duvessa
  3527 | D:5      | Reached skill level 9 in Axes
  3531 | D:5      | Killed Dowan
  3628 | D:5      | Found a runed translucent door.
  3645 | D:5      | Found a runed translucent door.
  3673 | D:5      | Reached * piety under Qazlal
  4299 | D:6      | Noticed Edmund
  4310 | D:6      | Killed Edmund
  4310 | D:6      | Reached skill level 10 in Axes
  4366 | D:6      | Found a staircase to the Ecumenical Temple.
  4426 | D:6      | Reached XP level 9. HP: 77/77 MP: 8/8
  4437 | D:6      | Found Uny Caum's Antique Armour Emporium.
  4598 | D:6      | Found an ancient bone altar of Kikubaaqudgha.
  4649 | D:6      | Found Jigoh's Book Boutique.
  4829 | D:6      | Noticed Menkaure
  4835 | D:6      | Killed Menkaure
  4839 | D:6      | Noticed Blork the orc
  4850 | D:6      | Killed Blork the orc
  5013 | D:6      | Found Onikk's Food Boutique.
  5018 | D:6      | Bought a ration for 55 gold pieces
  5018 | D:6      | Bought a ration for 55 gold pieces
  5018 | D:6      | Bought a ration for 55 gold pieces
  5018 | D:6      | Bought a ration for 55 gold pieces
  5018 | D:6      | Bought a ration for 55 gold pieces
  5072 | D:6      | Found Xilyriong's Magic Scroll Shoppe.
  5083 | D:6      | Found Reoseufaq's Antique Weapon Boutique.
  5108 | D:6      | Reached skill level 11 in Axes
  5412 | D:7      | Noticed Harold
  5413 | D:7      | Found a shadowy altar of Dithmenos.
  5413 | D:7      | Found a hazy altar of Hepliaklqana.
  5426 | D:7      | Killed from afar by an orc priest

Illustrated notes

Levels and vault maps discovered:
D:1:      dpeg_arrival_stone_temple_mockup, layout_rooms
D:2:      layout_basic, chequers_ecumenical_altar_simple_redux
D:3:      layout_loops_ring, first_ration
D:4:      layout_loops_ring, serial_forest, infiniplex_forest_side_room,
          infiniplex_forest_lined_2, infiniplex_forest_join,
          infiniplex_forest_lined_corner, infiniplex_forest_clump_curved,
          infiniplex_forest_straight_3, nicolae_qazlal_style_of_elements,
          uniq_robin
D:5:      lemuel_insect_pit, layout_loops_ring, grunt_temple_overflow_open,
          uniq_eustachio, uniq_pikel, uniq_duvessa, uniq_ijyb
D:6:      layout_gridville, kiku_gazebo_garden_becter,
          minmay_temple_entry_sparse_star, serial_shops, shop,
          kennysheep_little_box, nicolae_shop_temple_entry_statues_fountains,
          nicolae_shop_stone, shop, uniq_menkaure, uniq_blork_the_orc,
          uniq_edmund
D:7:      layout_loops_ring, riverfiend_overflow_shadow_ancestor,
          yredelemnul_forgotten_temple_becter, hangedman_decor_push, uniq_harold

Skill      XL: |  1  2  3  4  5  6  7  8  9 |
---------------+----------------------------+-----
Fighting       | 4 5 6 |  6.7
Armour         | 4 5 6 |  6.7
Axes           | 3 4 5 6 8 10 11 | 11.3
Dodging        | 1 2 3 |  3.2
Shields        | 4 5 6 7 |  7.3
Stealth        | |  0.9

Action                   |  1- 3 |  4- 6 |  7- 9 || total
-------------------------+-------+-------+-------++-------
Melee: War axe           |    59 |   125 |   188 ||   372
       Headbutt          |     6 |    17 |    39 ||    62
Evoke: Wand              |       |     1 |       ||     1
  Use: Scroll            |     4 |     5 |     6 ||    15
       Potion            |     3 |     3 |     4 ||    10
  Eat: Chunk             |       |     4 |     3 ||     7
       Ration            |       |     1 |     2 ||     3
Armor: Scale mail        |    34 |    64 |    27 ||   125
       Plate armour      |       |       |    33 ||    33
Dodge: Dodged            |    18 |    46 |    54 ||   118
Block: Kite shield       |    31 |    62 |   119 ||   212
